 Dungeon Crawl Stone Soup version 0.32-a0-898-g7811c86cf0 (webtiles) character file.

Game seed: 5552161916692964353

156594 Doorstop00 the Executioner (level 17, -12/163 HPs)
             Began as a Minotaur Berserker on Apr 3, 2024.
             Was the Champion of Trog.
             Succumbed to a nagaraja's bolt of poison
             ... on level 3 of the Snake Pit on Apr 4, 2024.
             The game lasted 02:51:50 (28283 turns).

Doorstop00 the Executioner (Minotaur Berserker)    Turns: 28283, Time: 02:51:50

Health: -12/163    AC: 29    Str: 27    XL:     17   Next: 10%
Magic:  16/16      EV: 11    Int:  6    God:    Trog [******]
Gold:   2210       SH: 22    Dex: 17    Spells: 16/16 levels left

rFire   + . .        o - +1 broad axe (freeze)
rCold   + . .        f - +0 tower shield
rNeg    + + .        L - +4 plate armour
rPois   +            M - -2 hat of the Alchemist {rElec rPois rF+ rC+ rN+ Will+ rMut rCorr}
rElec   +            T - +2 cloak
rCorr   +            J - +1 pair of gloves
SInv    .            D - +2 pair of boots {rampage}
Will    ++...        s - amulet of reflection Stlth
                     S - ring of positive energy
HPRegen 0.47/turn    R - +6 ring of dexterity
MPRegen 0.15/turn

%: reflection, resist mutation, rampage
@: lethally poisoned (-12 -> -86), untranslocatable, studying Armour
A: horns 2, retaliatory headbutt
a: Renounce Religion, Berserk, Trog's Hand, Brothers in Arms


You were on level 3 of the Snake Pit.
You worshipped Trog.
Trog was exalted by your worship.
You visited 4 branches of the dungeon, and saw 26 of its levels.
You also visited: Bailey, Ice Cave and Volcano.

You collected 3526 gold pieces.
You spent 1316 gold pieces at shops.

Inventory:

Hand Weapons
 k - a +4 war axe of flaming
 o - a +1 broad axe of freezing (weapon)
 C - the +8 flail "Mautux" {vamp, rPois rF+}
   (You found it on level 9 of the Dungeon)

   rF+:       It protects you from fire.
   rPois:     It protects you from poison.
Armour
 f - a +0 tower shield (worn)
 D - a +2 pair of boots of rampaging (worn)
 J - a +1 pair of gloves (worn)
 L - a +4 plate armour (worn)
 M - the -2 hat of the Alchemist (worn) {rElec rPois rF+ rC+ rN+ Will+ rMut rCorr}
   (You acquired it on level 10 of the Dungeon)

   rF+:       It protects you from fire.
   rC+:       It protects you from cold.
   rElec:     It insulates you from electricity.
   rPois:     It protects you from poison.
   rN+:       It protects you from negative energy.
   Will+:     It increases your willpower.
   rCorr:     It protects you from acid and corrosion.
   rMut:      It protects you from mutation.
 T - a +2 cloak (worn)
Jewellery
 s - an amulet of reflection (around neck)
 E - a +4 ring of protection
 R - a +6 ring of dexterity (right hand)
 S - a ring of positive energy (left hand)
Wands
 j - a wand of light (26)
 m - a wand of charming (24)
 n - a wand of flame (93)
 y - a wand of mindburst (19)
 A - a wand of polymorph (12)
 F - a wand of iceblast (11)
Scrolls
 e - 4 scrolls of enchant armour
 h - 10 scrolls of fog
 i - a scroll of butterflies
 l - 7 scrolls of blinking
 t - 4 scrolls of identify
 u - 4 scrolls of immolation
 x - 9 scrolls of teleportation
 H - a scroll of silence
 I - a scroll of enchant weapon
 K - 5 scrolls of fear
 O - 5 scrolls of revelation
 P - 3 scrolls of poison
Potions
 a - a potion of attraction
 b - 2 potions of invisibility
 c - 7 potions of haste
 d - 6 potions of might
 g - a potion of heal wounds
 p - 2 potions of lignification
 q - 5 potions of brilliance
 r - 3 potions of resistance
 v - 7 potions of curing
 z - 5 potions of enlightenment
 N - a potion of cancellation
 Q - 2 potions of berserk rage
Miscellaneous
 w - a phantom mirror
 G - a sack of spiders


   Skills:
 * Level 17.9 Fighting
 - Level 21.6(21.7) Axes
 + Level 1.3(14.3) Maces & Flails
 * Level 16.7 Armour
 * Level 12.2 Dodging
 - Level 0.4 Stealth
 * Level 11.4 Shields
 * Level 7.5 Evocations


You had 16 spell levels left.
You didn't know any spells.
Your spell library was empty.

Dungeon Overview and Level Annotations

Branches:
Dungeon (15/15)            Temple (0/1) D:6            Lair (5/5) D:10
 Shoals (0/4) Lair:3        Snake (4/4) Lair:3        Slime (0/5) Lair:4
    Orc (2/2) D:11            Elf (0/3) Orc:2        Vaults (0/5) D:14
 Depths (0/4) D:15         Bailey (visited)           IceCv (visited)
Volcano (visited)

Altars:
Ashenzari
Cheibriados
Elyvilon
Fedhas
Gozag
Kikubaaqudgha
Makhleb
Nemelex Xobeh
Okawaru
Sif Muna
Trog
Uskayaw
Vehumet
Wu Jian
Yredelemnul
The Shining One
Jiyva

Shops:
D:2 (   D:4 =   D:9 :   D:11 [(   D:15 (   Orc:2 ((!?   Snake:4 !

Annotations:
D:12 2 transporters, Orlauf's ghost, journeyman DsGl
Lair:4 3 runed translucent doors, Qazery's ghost, journeyman MDFi; cordlesssteve's ghost, journeyman GrFi


Innate Abilities, Weirdness & Mutations

You have a pair of horns on your head.
You reflexively headbutt those who attack you in melee.


Message History

The bolt of poison hits you!
You are more poisoned.
You resist. You block the nagaraja's attack. The nagaraja constricts you.
The naga sharpshooter shoots an arrow.
You block the arrow with an invisible shield... and reflect it back!
The arrow hits the naga sharpshooter!
You escape the nagaraja's grasp.
You feel extremely sick. The nagaraja spits poison at you.
You block the splash of poison... and reflect it back!
The splash of poison hits the nagaraja!
The naga sharpshooter mumbles some strange words.
The naga sharpshooter magically shoots an arrow.
You block the arrow with an invisible shield... and reflect it back!
You feel extremely sick.
The nagaraja gestures at you while chanting.
The bolt of poison hits you.
You are lethally poisoned!
You resist.
* * * LOW HITPOINT WARNING * * *
The naga sharpshooter spits poison at you.
You block the splash of poison... and reflect it back!
The splash of poison hits the nagaraja.
The nagaraja is poisoned.
The nagaraja points at you and mumbles some strange words.
The bolt of poison hits you!
You are more poisoned.
You resist.
* * * LOW HITPOINT WARNING * * *
There is a stone staircase leading up here.
* * * LOW HITPOINT WARNING * * *
You feel extremely sick.
The nagaraja points at you and mumbles some strange words.
You feel firmly anchored in space. The nagaraja spits poison at you.
The splash of poison misses you.
The naga warrior roars a battlecry!
The nagas go into a battle-frenzy!
You hear a shout!
You climb upwards.
You die...

.......................##
##................[...##
#..............<...### ####
##.............######## #..#
#.>...........###....###..##
##....#####...........##...#
###### #................#
#....N.....(.....#
######...@............#
##......#.........###.##
#.......##.......## #.#
#........######### ###
#........## #.........#
#...).....# ##.........#
##..........#


You could see a nagaraja (strong, poisoned, catching breath).

Vanquished Creatures
  Vashnia (Snake:2)
  Saint Roka (Orc:2)
  Rupert (Orc:2)
  Aizul (Snake:1)
  A frost giant (IceCv)
  Louise (D:14)
  Nessos (D:14)
  An ettin (Orc:1)
  Josephine (D:14)
  A fire dragon (Volcano)
  7 vault guards (D:14)
  An ice dragon (Lair:5)
  2 hydras
  A rakshasa (D:14)
  5 anacondas
  3 centaur warriors
  2 two-headed ogres (D:12)
  3 boulder beetles
  3 tengu warriors
  4 death yaks (IceCv)
  3 shock serpents
  A hell hog (Lair:5)
  4 naga warriors
  5 orc high priests
  Urug (Lair:2)
  9 naga sharpshooters
  A skyshark (Lair:4)
  A fire crab (Lair:4)
  A salamander mystic (Snake:4)
  6 skeletal warriors (D:15)
  A sea snake (Snake:4)
  A glowing orange brain (D:15)
  5 naga ritualists
  2 harpies (Lair:3)
  8 mana vipers
  Pikel (D:7)
  A deep elf pyromancer (D:10)
  6 orc sorcerers
  5 orc knights
  An oklob plant (Lair:5)
  The ghost of THTSBRD the Shooter, a novice CoHu of Wu Jian (D:5)
  4 lindwurms
  An obsidian bat (Orc:2)
  A cyclops (D:11)
  A manticore (D:14)
  8 salamanders
  6 ugly things
  2 smoke demons (Volcano)
  A black mamba (shapeshifter) (D:14)
  A kobold blastminer (Orc:1)
  15 naga magi
  5 elephants (Lair:3)
  6 torpor snails
  A guardian serpent (D:13)
  A cane toad (shapeshifter) (D:14)
  An ice statue (IceCv)
  29 black mambas
  3 gargoyles
  12 cane toads
  2 unseen horrors
  An efreet (D:13)
  11 rime drakes
  2 kobold demonologists
  6 komodo dragons
  A tengu conjurer (D:13)
  4 tyrant leeches (Lair:5)
  4 trolls
  13 polar bears
  6 hornets (Lair:5)
  10 blink frogs (Lair:2)
  Prince Ribbit (D:5)
  9 dream sheep (Lair:5)
  3 raiju (Lair:5)
  10 slime creatures
  A spriggan (Lair:2)
  5 wyverns
  A spriggan (shapeshifter) (D:12)
  7 wraiths
  Grum (D:9)
  69 yaks
  6 basilisks
  9 wargs
  6 steam dragons
  4 humans (D:14)
  4 vampire mosquitoes
  44 nagas
  An acid dragon (D:9)
  16 water moccasins
  12 hell hounds
  4 ice beasts
  A sky beast (D:7)
  4 laughing skulls (D:14)
  12 black bears
  36 orc warriors
  11 ogres
  35 wolves
  10 centaurs
  A lemure (D:7)
  11 kobold brigands
  19 bullfrogs
  A gnoll sergeant (D:13)
  6 scorpions
  5 wights (D:9)
  7 killer bees
  5 howler monkeys
  A bombardier beetle (D:6)
  An electric eel (Lair:2)
  8 jellies
  A gnoll bouda (D:5)
  39 orc priests
  3 sleepcaps
  3 hounds
  2 iguanas (D:6)
  40 orc wizards
  Ijyb (D:5)
  Natasha (thrice) (D:3)
  7 adders
  13 gnolls
  2 shadow imps
  A white imp (D:7)
  A dart slug (D:3)
  2 ribbon worms (D:2)
  104 orcs
  2 bats
  6 endoplasms
  4 giant cockroaches
  8 goblins
  5 hobgoblins
  3 jackals (D:2)
  19 kobolds
  2 quokkas
  3 ball pythons
  5 frilled lizards
  5 rats
934 creatures vanquished.

Vanquished Creatures (collateral kills)
  A nagaraja (Snake:3)
  A rakshasa (D:14)
  2 naga warriors (Snake:3)
  Sonja (D:12)
  An orc knight (D:11)
  A deep elf pyromancer (D:14)
  3 polar bears (Lair:5)
  A yak (D:10)
  2 wargs (Lair:5)
  3 nagas (Snake:3)
  4 hell hounds (Lair:5)
  2 black bears (Lair:5)
  An ogre (Orc:2)
  A wolf (Lair:5)
  An orc wizard (D:12)
  2 orcs (D:12)
27 creatures vanquished.

Vanquished Creatures (others)
  A vault guard (D:14)
  2 orc priests
  An orc wizard (Orc:1)
  An orc (D:13)
5 creatures vanquished.

Grand Total: 966 creatures vanquished

Notes
Turn   | Place    | Note
-------+----------+-------------------------------------------
     0 | D:1      | Doorstop00 the Minotaur Berserker began the quest for the
                  | Orb.
     0 | D:1      | Reached XP level 1. HP: 19/19 MP: 0/0
   292 | D:1      | Reached XP level 2. HP: 27/27 MP: 1/1
   392 | D:1      | Reached skill level 4 in Axes
   879 | D:2      | Found Xute Voxkyd's Weapon Emporium.
   895 | D:2      | Found a faded altar of an unknown god.
  1002 | D:2      | Reached XP level 3. HP: 33/33 MP: 2/2
  1240 | D:2      | Reached ** piety under Trog
  1604 | D:3      | Found an ornate altar of the Wu Jian Council.
  1763 | D:3      | Reached XP level 4. HP: 41/41 MP: 3/3
  1898 | D:3      | Found a snail-covered altar of Cheibriados.
  1898 | D:3      | Noticed Natasha
  1901 | D:3      | Killed Natasha
  2021 | D:3      | Noticed Natasha
  2032 | D:3      | Killed Natasha
  2197 | D:3      | Noticed Natasha
  2201 | D:3      | Killed Natasha
  2202 | D:3      | Reached skill level 5 in Axes
  2202 | D:3      | Reached XP level 5. HP: 46/47 MP: 4/4
  2927 | D:4      | Found Coomni Sakhle's Jewellery Emporium.
  2957 | D:4      | Reached XP level 6. HP: 52/55 MP: 5/5
  3700 | D:5      | Entered Level 5 of the Dungeon
  3735 | D:5      | Reached *** piety under Trog
  3736 | D:5      | Reached skill level 6 in Axes
  3807 | D:5      | Reached skill level 5 in Fighting
  3927 | D:5      | Noticed Prince Ribbit
  3930 | D:5      | Found a large runed translucent door.
  3935 | D:5      | Found a large runed translucent door.
  3943 | D:5      | Killed Prince Ribbit
  3944 | D:5      | Reached skill level 5 in Armour
  3944 | D:5      | Reached XP level 7. HP: 61/61 MP: 6/6
  3945 | D:5      | Noticed THTSBRD's ghost (novice CoHu)
  3970 | D:5      | Reached skill level 7 in Axes
  4039 | D:5      | Noticed Ijyb
  4045 | D:5      | Killed Ijyb
  4102 | D:5      | Found an iron altar of Okawaru.
  4756 | D:5      | Killed THTSBRD's ghost
  4757 | D:5      | Reached skill level 8 in Axes
  4757 | D:5      | Reached XP level 8. HP: 70/70 MP: 7/7
  4820 | D:6      | Found a burning altar of Makhleb.
  4820 | D:6      | Found a broken altar of Ashenzari.
  4820 | D:6      | Found a hide-covered altar of Uskayaw.
  4835 | D:6      | Reached skill level 9 in Axes
  4917 | D:6      | Reached skill level 5 in Dodging
  4979 | D:6      | Reached skill level 10 in Axes
  4979 | D:6      | Reached XP level 9. HP: 54/78 MP: 8/8
  5059 | D:6      | Reached **** piety under Trog
  5381 | D:6      | Reached skill level 11 in Axes
  5421 | D:6      | Found a shimmering blue altar of Sif Muna.
  5436 | D:6      | Found a bloodstained altar of Trog.
  5490 | D:6      | Found a basalt altar of Yredelemnul.
  5602 | D:6      | Found a staircase to the Ecumenical Temple.
  5946 | D:7      | Noticed Pikel
  5955 | D:7      | Killed Pikel
  6064 | D:7      | Identified the +7 sling of Nairphef {drain, ^Contam Will+
                  | rCorr Stlth+}
  6067 | D:7      | Found an ancient bone altar of Kikubaaqudgha.
  6081 | D:7      | Noticed a troll
  6090 | D:7      | Killed a troll
  6214 | D:7      | Reached skill level 12 in Axes
  6324 | D:7      | Reached XP level 10. HP: 85/89 MP: 9/9
  6938 | D:8      | Reached ***** piety under Trog
  7132 | D:8      | Found a glowing golden altar of the Shining One.
  7453 | D:9      | Found a blossoming altar of Fedhas.
  7576 | D:9      | Reached skill level 13 in Axes
  7587 | D:9      | Identified the +8 flail "Mautux" {vamp, rPois rF+}
  7693 | D:9      | Found a flagged portal.
  7710 | Bailey   | Entered a bailey
  7730 | Bailey   | Received a gift from Trog
  7922 | Bailey   | Noticed an orc knight
  7933 | Bailey   | Killed an orc knight
  8003 | Bailey   | Found a burning altar of Makhleb.
  8014 | Bailey   | Identified the +5 long sword "Deilytz" {flame, rF+ rN+}
  8030 | Bailey   | Identified 2 scrolls of acquirement
  8332 | D:9      | Reached skill level 14 in Axes
  8332 | D:9      | Reached XP level 11. HP: 94/99 MP: 10/10
  8335 | D:9      | Reached skill level 10 in Fighting
  8339 | D:9      | Reached skill level 10 in Armour
  8384 | D:9      | Noticed Grum
  8408 | D:9      | Killed Grum
  8677 | D:9      | Found Waycokur's Book Shop.
  8922 | D:10     | Entered Level 10 of the Dungeon
  8962 | D:10     | Found an opulent altar of Gozag.
  9054 | D:10     | Found a staircase to the Lair.
  9064 | D:10     | Noticed a deep elf pyromancer
  9064 | D:10     | Noticed a purple ugly thing
  9071 | D:10     | Killed a purple ugly thing
  9071 | D:10     | Received a gift from Trog
  9074 | D:10     | Killed a deep elf pyromancer
  9075 | D:10     | Reached skill level 15 in Axes
  9337 | D:10     | Found a white marble altar of Elyvilon.
  9528 | D:10     | Acquired the -2 hat of the Alchemist {rElec rPois rF+ rC+
                  | rN+ Will+ rMut rCorr}
  9528 | D:10     | Found the -2 hat of the Alchemist {rElec rPois rF+ rC+ rN+
                  | Will+ rMut rCorr}
  9742 | D:10     | Found a sparkling altar of Nemelex Xobeh.
  9897 | D:10     | Acquired the +2 cloak "Askuwey" {-Tele Will+ Regen+ Int+4}
 10446 | D:11     | Reached XP level 12. HP: 105/110 MP: 11/11
 10486 | D:11     | Noticed a boulder beetle
 10517 | D:11     | Killed a boulder beetle
 10582 | D:11     | You fall into a shaft and drop 3 floors!
 10713 | D:12     | Noticed a two-headed ogre
 10729 | D:12     | Killed a two-headed ogre
 10786 | D:12     | Noticed a two-headed ogre
 10791 | D:12     | Killed a two-headed ogre
 10792 | D:12     | Reached skill level 16 in Axes
 10904 | D:12     | Found a transporter.
 10950 | D:12     | Noticed a two-headed ogre
 10951 | D:12     | Noticed Orlauf's ghost (journeyman DsGl)
 10951 | D:12     | Noticed a two-headed ogre
 10951 | D:12     | Noticed a stone giant
 10952 | D:12     | Noticed a two-headed ogre
 10956 | D:12     | Found a transporter.
 11062 | D:12     | Noticed a two-headed ogre
 11134 | D:11     | Found a staircase to the Orcish Mines.
 11135 | D:11     | Found Juiro's Armour Shoppe.
 11164 | D:11     | Found Byrur's Weapon Shoppe.
 11398 | Lair:1   | Entered Level 1 of the Lair of Beasts
 11442 | Lair:1   | Reached skill level 1 in Evocations
 11828 | Lair:1   | Received a gift from Trog
 12585 | Lair:2   | Reached skill level 17 in Axes
 12601 | Lair:2   | Noticed a seven-headed hydra
 12612 | Lair:2   | Killed a seven-headed hydra
 12613 | Lair:2   | Reached XP level 13. HP: 105/122 MP: 12/12
 12840 | Lair:2   | Noticed Urug
 12851 | Lair:2   | Killed Urug
 13728 | Lair:3   | Found a staircase to the Snake Pit.
 13771 | Lair:3   | Received a gift from Trog
 13772 | Lair:3   | Reached skill level 18 in Axes
 14012 | Lair:3   | Found a staircase to the Shoals.
 14525 | Lair:4   | Found a runed translucent gate.
 14525 | Lair:4   | Found a runed translucent gate.
 14525 | Lair:4   | Found a runed translucent gate.
 14525 | Lair:4   | Noticed Qazery's ghost (journeyman MDFi)
 14526 | Lair:4   | Noticed cordlesssteve's ghost (journeyman GrFi)
 14679 | Lair:4   | Identified the +2 leather armour "Ynoof" {rC- Dex+3}
 14796 | Lair:4   | Found a viscous altar of Jiyva.
 14806 | Lair:4   | Found a staircase to the Slime Pits.
 15338 | Lair:5   | Entered Level 5 of the Lair of Beasts
 15528 | Lair:5   | Reached skill level 19 in Axes
 15537 | Lair:5   | Received a gift from Trog
 15583 | Lair:5   | Reached XP level 14. HP: 118/132 MP: 13/13
 15645 | Lair:5   | Reached skill level 10 in Dodging
 16340 | Lair:5   | Reached skill level 20 in Axes
 16852 | Orc:1    | Entered Level 1 of the Orcish Mines
 16860 | Orc:1    | Received a gift from Trog
 16867 | Orc:1    | Found a dark tunnel.
 16882 | Volcano  | Entered a volcano
 17233 | Orc:1    | Reached skill level 5 in Evocations
 17244 | Orc:1    | Reached skill level 1 in Maces & Flails
 17301 | Orc:1    | Found a frozen archway.
 17319 | IceCv    | Entered an ice cave
 17481 | IceCv    | Reached skill level 15 in Fighting
 17526 | IceCv    | Received a gift from Trog
 17540 | IceCv    | Noticed a frost giant
 17557 | IceCv    | Killed a frost giant
 17565 | IceCv    | Reached XP level 15. HP: 95/141 MP: 14/14
 17777 | Orc:1    | Reached ****** piety under Trog
 17789 | Orc:1    | Reached skill level 21 in Axes
 17981 | Orc:1    | Found a radiant altar of Vehumet.
 18273 | D:4      | Bought an amulet of reflection for 420 gold pieces
 18273 | D:4      | Bought a +4 ring of protection for 504 gold pieces
 18653 | Orc:2    | Entered Level 2 of the Orcish Mines
 18657 | Orc:2    | Found a staircase to the Elven Halls.
 18704 | Orc:2    | Noticed Saint Roka
 18754 | Orc:1    | Upgraded the game from 0.32-a0-893-gf85d74f360 to
                  | 0.32-a0-898-g7811c86cf0
 18783 | Orc:2    | Killed Saint Roka
 18880 | Orc:2    | Received a gift from Trog
 19028 | Orc:2    | Noticed Rupert
 19037 | Orc:2    | Killed Rupert
 19302 | Orc:2    | Received a gift from Trog
 19466 | Orc:2    | Found Iduiryh's Weapon Emporium.
 19466 | Orc:2    | Found Suxkah Gilei's Magic Scroll Shoppe.
 19467 | Orc:2    | Found Heacsi's Distillery.
 19469 | Orc:2    | Found Hobb's Antique Weapon Emporium.
 19517 | Orc:2    | Bought a scroll of teleportation for 42 gold pieces
 19517 | Orc:2    | Bought a scroll of enchant armour for 105 gold pieces
 19517 | Orc:2    | Bought a scroll of immolation for 56 gold pieces
 19517 | Orc:2    | Bought a scroll of immolation for 56 gold pieces
 19517 | Orc:2    | Bought a scroll of blinking for 105 gold pieces
 19517 | Orc:2    | Bought a scroll of identify for 28 gold pieces
 20611 | D:12     | Found a bloodstained altar of Trog.
 20664 | D:12     | Noticed Sonja
 20668 | D:12     | Killed Sonja
 20669 | D:12     | Reached skill level 1 in Shields
 21408 | D:14     | Noticed Nessos
 21448 | D:14     | Received a gift from Trog
 21453 | D:14     | Killed Nessos
 21463 | D:14     | Noticed Louise
 21479 | D:14     | Killed Louise
 22014 | D:14     | Noticed Josephine
 22025 | D:14     | Killed Josephine
 22253 | D:14     | Reached skill level 5 in Shields
 22305 | D:14     | Found a gate to the Vaults.
 22315 | D:14     | Identified the +10 great sword "Zaoch" {venom, rC+ Int+2}
 22779 | D:15     | Entered Level 15 of the Dungeon
 23044 | D:15     | Reached skill level 15 in Armour
 23044 | D:15     | Reached XP level 16. HP: 152/152 MP: 15/15
 23082 | D:15     | Found a staircase to the Depths.
 23323 | D:15     | Found Emimuorch's Weapon Emporium.
 24018 | Snake:1  | Entered Level 1 of the Snake Pit
 24056 | Snake:1  | Identified the serpent talisman of Xoesk {+Blink rElec MP-9
                  | Int+5}
 24056 | Snake:1  | Noticed Aizul
 24083 | Snake:1  | Killed Aizul
 24443 | Snake:1  | Identified the +4 long sword of the Invisible Ghosts
                  | {drain, Str+2 Int+4}
 24935 | Snake:2  | Acquired a manual of Armour
 25469 | Snake:2  | Received a gift from Trog
 25497 | Snake:2  | Noticed Vashnia
 25539 | Snake:2  | Killed Vashnia
 26254 | Snake:3  | Reached skill level 10 in Shields
 27356 | Snake:4  | Entered Level 4 of the Snake Pit
 27429 | Snake:4  | Found Fubaq's Distillery.
 27441 | Snake:4  | Found Teduinas's General Store.
 27604 | Snake:4  | Reached XP level 17. HP: 158/163 MP: 16/16
 27825 | Snake:4  | Received a gift from Trog
 28283 | Snake:3  | Succumbed to a nagaraja's bolt of poison

Illustrated notes

Levels and vault maps discovered:
D:1:      lightli_arrival_statuegarden, layout_loops_corners,
          kennysheep_nondescript
D:2:      layout_basic, serial_glass, glass_columns_c, glass_columns_b,
          glass_columns_b, glass_columns_b, glass_columns_c, glass_columns_b,
          glass_columns_a, glass_columns_b, serial_shops,
          nicolae_shop_bloodbath_and_beyond, ebering_ecumenical_altar_webs,
          minmay_misc_feat_enclosed, chequers_serial_rivers_micro_d,
          grunt_decor_resistance
D:3:      layout_basic, kennysheep_slug_shrine, nzn_wu_jian_council_hall,
          serial_forest, infiniplex_forest_clump_C, infiniplex_forest_end_2,
          infiniplex_forest_straight_2, infiniplex_forest_lined_3,
          infiniplex_forest_straight_4, infiniplex_forest_zigzag_1,
          infiniplex_forest_corner_1, uniq_natasha
D:4:      layout_layer_cave, serial_shops, shop, minmay_ruptured
D:5:      layout_basic, okawaru_metal_pillars_1_2, ebering_ghost_disaster_area,
          item_on_display_a, uniq_ijyb, uniq_prince_ribbit1
D:6:      layout_rooms, nzn_overflow_gifts_of_might_and_magic,
          mainiacjoe_overflow_alcove_2,
          chequers_temple_overflow_statue_of_worship, lemuel_temple_firewalk_b,
          nzn_random_ring
D:7:      layout_basic, nicolae_overflow_crystal_walls, uniq_pikel
D:8:      layout_basic, overflow_temple_1_default
D:9:      layout_basic, mainiacjoe_overflow_brackets, serial_shops,
          nicolae_shop_statue_plus, enter_bailey_3, uniq_grum
D:10:     layout_basic, grunt_gozag_breadcrumbs, nemelex_altar_shiori,
          elyvilon_altar_1, grunt_decor_mini_mirrors, minivault_20
D:11:     layout_rooms, orc_david_3, hangedman_decor_riveting
D:12:     layout_stronghold, gammafunk_ghost_wrathful_warriors, uniq_sonja
D:13:     layout_cave_pools, nrook_guardian_serpent_ordinary
D:14:     layout_basic, ximxim_vaults_locker_room, serial_park_tiny_1,
          uniq_louise, uniq_josephine, uniq_nessos
D:15:     gammafunk_enter_depths_forms, layout_long_grid, serial_shops,
          nicolae_shop_real_fake_doors
Lair:1:   layout_cave_pods, grunt_megastairs_1
Lair:2:   layout_chaotic_city, serial_bayou, serial_bayou_lagoon_a,
          serial_bayou_shore_b, serial_bayou_pond_e, serial_bayou_shore_b,
          grunt_forest_stairs_clearing, serial_bayou_shore_b, uniq_urug
Lair:3:   layout_chaotic_city, nicolae_shoals_entry_roost,
          minmay_snake_entry_guardpost_small, grunt_megastairs_3
Lair:4:   layout_regular_city, nicolae_slime_entry_field_trip,
          gammafunk_ghost_cemetery, serial_bayou_shore_b
Lair:5:   hangedman_lair_caniforms_friends, layout_misc_corridors, wormcave
Snake:1:  layout_gridlike, uniq_aizul
Snake:2:  cheibrodos_snake_ritualist_ritual, layout_misc_corridors,
          nicolae_large_snake_swirl, uniq_vashnia
Snake:3:  layout_cave_pods
Snake:4:  snake_pit, layout_cave_town, nicolae_wooded_promenade
Orc:1:    layout_caves, basic_altar, nicolae_volcano_entry_lava_flow,
          portal_ice_cave_entry_pillars_2, guppyfry_library_mini
Orc:2:    st_orc_mages, layout_caves, uniq_rupert, uniq_saint_roka

Skill      XL: |  1  2  3  4  5  6  7  8  9 10 11 12 13 14 15 16 17 |
---------------+----------------------------------------------------+-----
Fighting       | 4 5 6 8 9 11 13 14 15 16 17 | 17.9
Axes           | 4 5 6 8 10 12 14 15 17 19 20 21 | 21.6
Armour         | 3 4 5 6 7 8 9 11 12 13 14 15 16 | 16.7
Dodging        | 3 4 5 6 8 9 10 11 12 | 12.2
Evocations     | 2 4 5 6 7 |  7.5
Maces & Flails | 1 |  1.3
Shields        | 6 10 11 | 11.4
Stealth        | |  0.4

Action                     |  1- 3 |  4- 6 |  7- 9 | 10-12 | 13-15 | 16-18 || total
---------------------------+-------+-------+-------+-------+-------+-------++-------
  Melee: Hand axe          |    83 |       |       |       |       |       ||    83
         Headbutt          |     8 |    14 |    29 |   121 |   196 |   117 ||   485
         War axe           |       |    69 |   163 |   539 |       |       ||   771
         Executioner's axe |       |       |       |    71 |   735 |       ||   806
         Flail             |       |       |       |     6 |    37 |       ||    43
         Broad axe         |       |       |       |       |   256 |   475 ||   731
 Invoke: Berserk           |       |       |     1 |     2 |       |       ||     3
         Brothers in Arms  |       |       |       |     2 |     5 |     1 ||     8
         Trog's Hand       |       |       |       |       |       |     2 ||     2
  Evoke: Wand              |       |     2 |     2 |     1 |     4 |     5 ||    14
    Use: Scroll            |       |     8 |     5 |    15 |     5 |     3 ||    36
         Potion            |       |       |       |       |     2 |     2 ||     4
   Stab: Sleeping          |     1 |       |       |       |       |       ||     1
 Armour: Plate armour      |    59 |    81 |   141 |   509 |   875 |   321 ||  1986
         Animal skin       |     1 |       |       |       |       |       ||     1
  Dodge: Dodged            |    32 |    25 |    59 |   287 |   432 |   100 ||   935
  Block: Tower shield      |       |       |       |       |   238 |   490 ||   728
         Other             |       |       |       |       |    28 |       ||    28
         Reflection        |       |       |       |       |    17 |    90 ||   107

Table legend: (Time is in decaauts)
 A = Elapsed time spent in this place.
 B = Non-inter-level travel time spent in this place.
 C = Inter-level travel time spent in this place.
 D = Time resting spent in this place.
 E = Time spent auto-exploring this place.
 F = Levels seen in this place.
 G = Mean time per level.
                   A        B        C        D        E       F      G
               +--------+--------+--------+--------+--------+-----+--------+
         Total |  28157 |  25786 |   2371 |   3050 |  13219 |  29 |  970.9 |
       Dungeon |  15006 |  13925 |   1081 |   1299 |   8868 |  15 | 1000.4 |
          Lair |   6244 |   5507 |    737 |    426 |   3080 |   5 | 1248.8 |
     Snake Pit |   4143 |   3833 |    310 |    897 |    981 |   4 | 1035.8 |
  Orcish Mines |   1739 |   1496 |    243 |    201 |    249 |   2 |  869.5 |
        Bailey |    336 |    336 |      0 |    140 |      0 |   1 |  336.0 |
      Ice Cave |    425 |    425 |      0 |     50 |     41 |   1 |  425.0 |
       Volcano |    261 |    261 |      0 |     37 |      0 |   1 |  261.0 |
               +--------+--------+--------+--------+--------+-----+--------+

Top non-repeatable levels by time:
  Lair:2: 1666 daAuts
    D:10: 1600 daAuts
 Snake:3: 1458 daAuts
  Lair:1: 1363 daAuts
    D:14: 1322 daAuts
  Lair:5: 1303 daAuts
 Snake:2: 1196 daAuts
     D:5: 1194 daAuts
     D:3: 1177 daAuts
     D:9: 1169 daAuts
    D:12: 1132 daAuts
     D:4: 1085 daAuts
     D:7: 1034 daAuts
     D:6: 1026 daAuts
  Lair:3: 1020 daAuts
